 Dungeon Crawl Stone Soup version 0.31-a0-816-gd61d57ddb1 (webtiles) character file.

Game seed: 15138437196751422801

84 EnegeticOcto the Cutter (level 4, -1/27 HPs)
             Began as a Deep Elf Fighter on Sept 22, 2023.
             Slain by Ijyb
             ... wielding a +2 spectral club
              (5 damage)
             ... on level 2 of the Dungeon.
             The game lasted 00:05:21 (2263 turns).

EnegeticOcto the Cutter (Deep Elf Fighter)          Turns: 2263, Time: 00:05:22

Health: -1/27      AC:  4    Str: 13    XL:     4   Next: 23%
Magic:  6/6        EV: 10    Int: 13    God:
Gold:   120        SH:  5    Dex: 16    Spells: 3/3 levels left

rFire   + . .        a - +1 rapier
rCold   + + .        c - +0 buckler
rNeg    . . .        r - +1 leather armour {rC+}
rPois   +            (no helmet)
rElec   +            (no cloak)
rCorr   +            (no gloves)
SInv    .            (no boots)
Will    .....        (no amulet)
Stlth   ++           (no ring)
HPRegen 0.24/turn    (no ring)
MPRegen 0.10/turn

%: no passive effects
@: mighty, resistant
A: no striking features
a: no special abilities


You were on level 2 of the Dungeon.
You visited 1 branch of the dungeon, and saw 3 of its levels.

You collected 120 gold pieces.

Inventory:

Hand Weapons
 a - a +1 rapier (weapon)
 b - a +0 sling
   (You found it on level 2 of the Dungeon)
Missiles
 f - 13 stones
Armour
 c - a +0 buckler (worn)
 k - a +0 scale mail
 m - a +0 ring mail
   (You found it on level 2 of the Dungeon)
 r - a +1 leather armour of cold resistance (worn)
   (You found it on level 2 of the Dungeon)
Jewellery
 o - a ring of ice
   (You found it on level 2 of the Dungeon)
Scrolls
 g - a scroll of teleportation {@r3 !r}
 l - a scroll of immolation
 n - a scroll of enchant armour
 p - a scroll of fear {unknown}
 q - a scroll of vulnerability
 s - a scroll of amnesia {unknown}
Potions
 e - 2 potions of resistance
 h - a potion of attraction {unknown}
 i - 2 potions of brilliance
 j - a potion of curing {@q1 !q}


   Skills:
 - Level 2.4 Fighting
 - Level 4.0 Short Blades
 * Level 1.2 Ranged Weapons
 - Level 2.4 Armour
 + Level 2.1 Stealth
 - Level 2.4 Shields


You had 3 spell levels left.
You didn't know any spells.
Your spell library was empty.

Dungeon Overview and Level Annotations

Branches:
Dungeon (3/15) Zot: 15721

Altars:

Shops:
D:1 [   D:3 (

Annotations:
D:2 Ijyb


Message History

Ijyb hits you with a +2 spectral club. The +2 spectral club hits you.
You hit Ijyb.
Ijyb is moderately wounded.
Ijyb hits you but does no damage.
You block the +2 spectral club's attack.
You are now empty-handed.
Ijyb hits you with a +2 spectral club.
The +2 spectral club hits you but does no damage.
You closely miss Ijyb.
Ijyb is moderately wounded.
You block Ijyb's attack.
The +2 spectral club hits you but does no damage.
You hit Ijyb but do no damage.
Ijyb is moderately wounded.
Ijyb hits you but does no damage.
The +2 spectral club hits you but does no damage.
You hit Ijyb.
Ijyb is heavily wounded.
You block Ijyb's attack. The +2 spectral club hits you.
You hit Ijyb but do no damage.
Ijyb is heavily wounded.
Ijyb hits you but does no damage. The +2 spectral club hits you.
You barely miss Ijyb.
Ijyb is heavily wounded.
Your transformation is almost over.
Ijyb screams, "Me very upset!"
Ijyb barely misses you.
The +2 spectral club hits you but does no damage.
You barely miss Ijyb.
Ijyb is heavily wounded.
Ijyb screams, "No!
No, no, no, no!"
Ijyb hits you with a +2 spectral club.
The +2 spectral club hits you but does no damage.
You hit Ijyb but do no damage.
Ijyb is heavily wounded.
Ijyb hits you with a +2 spectral club. The +2 spectral club hits you.
You closely miss Ijyb.
Ijyb is heavily wounded.
Ijyb hits you but does no damage.
The +2 spectral club hits you but does no damage.
You hit Ijyb.
Ijyb is heavily wounded.
Ijyb hits you with a +2 spectral club.
The +2 spectral club hits you but does no damage.
You hit Ijyb.
Ijyb is severely wounded.
You block Ijyb's attack.
The +2 spectral club hits you but does no damage.
You hit Ijyb but do no damage.
Ijyb is severely wounded.
Ijyb completely misses you.
The +2 spectral club hits you but does no damage.
You closely miss Ijyb.
Ijyb is severely wounded.
Ijyb hits you but does no damage.
The +2 spectral club completely misses you.
You hit Ijyb but do no damage.
Ijyb is severely wounded.
Ijyb hits you but does no damage.
You block the +2 spectral club's attack.
You barely miss Ijyb.
Ijyb is severely wounded.
You feel less wooden.
Your +1 leather armour of cold resistance unmelds from your body.
You feel resistant to cold.
Ijyb zaps a wand.
You resist with some effort.
The +2 spectral club disappears.
Ijyb zaps a wand.
You resist with some effort.
There is an open door here.
Okay, then.
Ijyb zaps a wand.
You resist with some effort.
There is a stone staircase leading up here.
You climb upwards.
There is a stone staircase leading down here.
You start resting.
HP restored.
You climb downwards.
Level annotation: Ijyb Ijyb closely misses you.
The +2 spectral club hits you!
A +2 spectral club comes into view.
There is a stone staircase leading up here.
Ijyb hits you with a +2 spectral club. The +2 spectral club hits you!
* * * LOW HITPOINT WARNING * * *
You climb upwards.
The +2 spectral club disappears.
There is a stone staircase leading down here.
Really quaff
j - 2 potions of curing {@q1 !q}?
You feel better. Ijyb closely misses you. The +2 spectral club hits you.
A +2 spectral club comes into view.
Ijyb attacks as she pursues you! Ijyb hits you with a +2 spectral club.
The +2 spectral club moves out of view.
Really quaff
d - a potion of might {@q3 !q}?
You feel very mighty all of a sudden. Ijyb hits you with a +2 spectral club.
* * * LOW HITPOINT WARNING * * *
a - a +1 rapier (weapon)
You barely miss Ijyb.
Ijyb is heavily wounded.
Ijyb hits you with a +2 spectral club.
* * * LOW HITPOINT WARNING * * *
It was a potion of resistance.
You feel protected. Ijyb hits you with a +2 spectral club.
You die...

..#.)##............#.##
..#..###########......#
..#................#.##
####.###########.#.#.#
#.##..........#.#.#
#.##.########.#.#.#
####.##.........)#.#.#
..##.##..#######g#.#.#
..##.##..#######@#.#.#
..##.##..........#.#.#
..##.###.#########.#.#
..##.# #........)..#.#
..##.###############<#
.....................#
..##.#################
.....# ######


You could see Ijyb.

Vanquished Creatures
  4 adders
  A dart slug (D:1)
  7 endoplasms
  3 giant cockroaches
  4 goblins
  4 hobgoblins (D:1)
  A quokka (D:2)
  9 ball pythons
  3 bats
  3 frilled lizards
  2 kobolds (D:2)
  4 rats
45 creatures vanquished.

Notes
Turn   | Place    | Note
-------+----------+-------------------------------------------
     0 | D:1      | EnegeticOcto the Deep Elf Fighter began the quest for the
                  | Orb.
     0 | D:1      | Reached XP level 1. HP: 13/13 MP: 3/3
   227 | D:1      | Reached XP level 2. HP: 18/18 MP: 4/4
   263 | D:1      | Reached skill level 3 in Short Blades
   288 | D:1      | Found Yleun's Armour Shop.
   328 | D:1      | Found a faded altar of an unknown god.
   715 | D:2      | Reached XP level 3. HP: 22/22 MP: 5/5
  1611 | D:2      | Reached skill level 4 in Short Blades
  1611 | D:2      | Reached skill level 1 in Stealth
  1616 | D:2      | HP: 1/22 [poisoned by an adder]
  2015 | D:3      | Found Ceqal's Weapon Shoppe.
  2074 | D:3      | Reached skill level 2 in Stealth
  2074 | D:3      | Reached XP level 4. HP: 26/27 MP: 6/6
  2107 | D:3      | Reached skill level 1 in Ranged Weapons
  2183 | D:3      | Noticed Ijyb
  2263 | D:2      | Slain by Ijyb

Illustrated notes

Levels and vault maps discovered:
D:1:      spicycebolla_arrival_transporter_tutorial, layout_loops_ring,
          dreamdust_ecumenical_altar_grove, serial_shops,
          nicolae_shop_waterfront
D:2:      minmay_wonky_spiral, layout_basic, corexii_hall_statues_l,
          nrook_mini_vaults
D:3:      layout_basic, mainiacjoe_overflow_small_starburst, serial_shops,
          nicolae_shop_hallway_stairs, minmay_shallow_snake_nest, uniq_ijyb,
          uniq_jessica, uniq_pargi

Skill      XL: |  1  2  3  4 |
---------------+-------------+-----
Short Blades   | 3 4 |  4.0
Stealth        | 2 |  2.1
Ranged Weapons | 1 |  1.2
Fighting       | |  2.4
Armour         | |  2.4
Shields        | |  2.4

Action                     |  1- 3 |  4- 6 || total
---------------------------+-------+-------++-------
  Melee: Rapier            |   128 |    10 ||   138
         Unarmed           |       |    14 ||    14
   Fire: Sling             |     7 |     7 ||    14
    Use: Scroll            |     4 |     4 ||     8
         Potion            |       |     3 ||     3
 Armour: Scale mail        |    37 |       ||    37
         Ring mail         |    18 |       ||    18
         Leather armour    |     3 |    12 ||    15
         Skin              |       |    26 ||    26
  Dodge: Dodged            |    31 |     8 ||    39
  Block: Buckler           |    23 |     5 ||    28

Table legend: (Time is in decaauts)
 A = Elapsed time spent in this place.
 B = Non-inter-level travel time spent in this place.
 C = Inter-level travel time spent in this place.
 D = Time resting spent in this place.
 E = Time spent auto-exploring this place.
 F = Levels seen in this place.
 G = Mean time per level.
                   A        B        C        D        E       F      G
               +--------+--------+--------+--------+--------+-----+--------+
         Total |   2277 |   2092 |    185 |    127 |   1441 |   3 |  759.0 |
       Dungeon |   2277 |   2092 |    185 |    127 |   1441 |   3 |  759.0 |
               +--------+--------+--------+--------+--------+-----+--------+

Top non-repeatable levels by time:
     D:2: 1351 daAuts
     D:1: 713 daAuts
     D:3: 212 daAuts
